 Seeded DCSS version 0.27.0-1-g7a089689b8 (webtiles) character file.

Game seed: 15233801934692240743 (custom seed)

285 mystokesss the Skirmisher (level 6, -4/47 HPs)
             Began as a Djinni Fire Elementalist on Aug 16, 2021.
             Slain by a scorpion (6 damage)
             ... on level 5 of the Dungeon.
             The game lasted 00:21:31 (3949 turns).

mystokesss the Skirmisher (DjFE)                    Turns: 3949, Time: 00:21:32

Health: -4/47      AC:  6    Str: 11    XL:     6   Next: 55%
Gold:   133        EV: 10    Int: 17    God:
                   SH:  0    Dex: 13

rFire    + + .     SeeInvis +   m - +4 mace
rCold    x . .     Faith    .   (no shield)
rNeg     . . .     Spirit   .   g - +0 ring mail
rPois    ∞         Reflect  .   d - +0 helmet of Peek-a-Boo {Str+2 SInv}
rElec    .         Harm     .   (no cloak)
rCorr    .         Rampage  .   (no gloves)
Will     .....                  (boots unavailable)
Stlth    +.........             (no amulet)
HPRegen  0.15/turn              (no ring)
MPRegen  0.00/turn              (no ring)

@: flying
A: sickness immunity, fire resistance 2, cold vulnerability 1, float, innate
caster, hp casting, extra vitality 1
a: no special abilities


You were on level 5 of the Dungeon.
You visited 1 branch of the dungeon, and saw 4 of its levels.

You collected 133 gold pieces.

Inventory:

Hand Weapons
 c - a +0 dagger
 m - a +4 mace (weapon)
Missiles
 j - 4 boomerangs of dispersal
 k - 3 boomerangs
Armour
 a - a +0 robe
 d - the +0 helmet of Peek-a-Boo (worn) {Str+2 SInv}
   (You took it off Robin on level 2 of the Dungeon)

   Str:       It affects your strength (+2).
   SInv:      It lets you see invisible.
 g - a +0 ring mail (worn)
Wands
 f - a wand of polymorph (7)
Scrolls
 h - a scroll of vulnerability
 i - 2 scrolls of noise
Potions
 e - a potion of magic
 l - a potion of might {unknown}


   Skills:
 - Level 4.0 Fighting
 * Level 2.4 Armour
 - Level 2.1 Dodging
 - Level 1.5 Stealth
 + Level 3.6 Spellcasting


You couldn't memorise any spells.
You knew the following spells:

 Your Spells              Type           Power      Damage    Failure   Level
a - Foxfire               Conj/Fire      60%        2x1d7     9%          1
b - Conjure Flame         Conj/Fire      15%        6-21      26%         3
c - Inner Flame           Hex/Fire       15%        N/A       26%         3
d - Sticky Flame          Conj/Fire      15%        2d4       65%         4
e - Fireball              Conj/Fire      7%         3d5       94%         5
f - Freeze                Ice            60%        1d8       9%          1
g - Blink                 Tloc           N/A        N/A       13%         2
Your spell library was empty.

Dungeon Overview and Level Annotations

Branches:
Dungeon (3/15)

Altars:
Dithmenos

Annotations:
D:2 1 runed translucent door, Crazy Yiuf


Innate Abilities, Weirdness & Mutations

You are immune to sickness and miasma.
You are immune to poison.
Your flesh is very heat resistant. (rF++)
You are vulnerable to cold. (rC-)
You float through the air rather than walking.
You learn spells naturally, not from books.
Your magical power is your life essence.
You have superior vitality. (+4 HP)


Message History

A scorpion comes into view.
Found 20 sling bullets.
The centaur zombie hits you but does no damage.
The centaur zombie closely misses you.
The iguana hisses menacingly.
You see here 20 sling bullets.
Found a stone staircase leading down.
There is a stone staircase leading down here.
Casting: Foxfire (safe; 9% risk of failure)
Confirm with . or Enter, or press ? or * to list all spells.
You blink.
* * * LOW HITPOINT WARNING * * *
An adder and a scorpion come into view.
Found 14 gold pieces.
The centaur zombie hits you but does no damage.
The centaur zombie kicks you but does no damage.
Casting: Blink (safe; 13% risk of failure)
Confirm with . or Enter, or press ? or * to list all spells.
You blink.
* * * LOW HITPOINT WARNING * * *
Casting: Blink (safe; 13% risk of failure)
Confirm with . or Enter, or press ? or * to list all spells.
You blink.
* * * LOW HITPOINT WARNING * * *
Casting: Blink (safe; 13% risk of failure)
Confirm with . or Enter, or press ? or * to list all spells.
You blink.
* * * LOW HITPOINT WARNING * * *
Casting: Blink (safe; 13% risk of failure)
Confirm with . or Enter, or press ? or * to list all spells.
You blink.
* * * LOW HITPOINT WARNING * * *
The centaur zombie closely misses you. x2; The scorpion barely misses you.
The centaur zombie hits you but does no damage.
The centaur zombie kicks you but does no damage.
The centaur zombie barely misses you.
The centaur zombie kicks you but does no damage.
The iguana closely misses you. The scorpion barely misses you.
The scorpion stings you.
You die...

###############
#.......#.....#####
#.......#..........
#..................
####......#...........
#.........#...........
#...l.$..##..........§
#...ssZ.....###...#..§
#####....@.............###
#......................#..
#......#...............#..
#......#...............#..
#.......................###..
#......................(.....
#..$.........................
#............>...............
#..S.........................


You could see 2 scorpions, an iguana and a centaur zombie.

Vanquished Creatures
  A water moccasin skeleton (D:5)
  Jessica (D:2)
  Terence (D:2)
  2 orc wizards (D:3)
  Robin (D:2)
  6 adders (D:2)
  A dart slug (D:1)
  9 orcs
  6 ball pythons
  A bat (D:3)
  3 endoplasms
  8 goblins
  4 hobgoblins
  5 quokkas
  5 frilled lizards
  7 kobolds
  6 rats
67 creatures vanquished.

Vanquished Creatures (others)
  196 foxfires
196 creatures vanquished.

Grand Total: 263 creatures vanquished

Notes
Turn   | Place    | Note
-------+----------+-------------------------------------------
     0 | D:1      | mystokesss the Djinni Fire Elementalist began the quest for
                  | the Orb.
     0 | D:1      | Reached XP level 1. HP: 15/15 MP: 0/0
   543 | D:1      | Reached skill level 1 in Fighting
   592 | D:1      | Reached XP level 2. HP: 19/22 MP: 0/0
  1220 | D:1      | Reached skill level 2 in Fighting
  1220 | D:1      | Reached XP level 3. HP: 24/28 MP: 0/0
  1220 | D:1      | Learned a level 1 spell: Freeze
  1531 | D:2      | Reached XP level 4. HP: 32/34 MP: 0/0
  1578 | D:2      | Identified the +0 helmet of Peek-a-Boo {Str+2 SInv}
  1578 | D:2      | Noticed Robin
  1612 | D:2      | Killed Robin
  1613 | D:2      | Reached skill level 3 in Fighting
  2093 | D:2      | Reached XP level 5. HP: 39/40 MP: 0/0
  2093 | D:2      | Learned a level 2 spell: Blink
  2178 | D:2      | Noticed Jessica
  2185 | D:2      | Killed Jessica
  2244 | D:2      | Noticed Terence
  2553 | D:2      | Killed Terence
  2560 | D:2      | Reached skill level 4 in Fighting
  2839 | D:2      | Found a runed translucent door.
  2840 | D:2      | Noticed Crazy Yiuf
  3008 | D:3      | Reached skill level 1 in Armour
  3008 | D:3      | Reached XP level 6. HP: 24/47 MP: 0/0
  3398 | D:3      | Found a shadowy altar of Dithmenos.
  3851 | D:3      | You are sucked into a shaft and drop 2 floors!
  3851 | D:5      | Entered Level 5 of the Dungeon
  3949 | D:5      | Slain by a scorpion

Illustrated notes

Levels and vault maps discovered:
D:1:      tarquinn_simple_flora_water_b, layout_loops_ring
D:2:      layout_basic, uniq_jessica, uniq_terence, uniq_robin,
          uniq_crazy_yiuf_cottage
D:3:      layout_loops_ring, cheibrodos_ashenzari_chains,
          nicolae_dithmenos_through_a_glass_darkly
D:5:      kennysheep_windowed_halls, layout_basic

Skill      XL: |  1  2  3  4  5  6 |
---------------+-------------------+-----
Fighting       | 1 2 3 4 |  4.0
Spellcasting   | 3 |  3.6
Armour         | 1 2 |  2.4
Dodging        | |  2.1
Stealth        | |  1.5

Action                   |  1- 3 |  4- 6 || total
-------------------------+-------+-------++-------
Melee: Unarmed           |     1 |       ||     1
       Dagger            |     1 |     7 ||     8
       Mace              |       |     5 ||     5
 Cast: Foxfire           |    48 |    77 ||   125
       Freeze            |       |    22 ||    22
       Blink             |       |    12 ||    12
  Use: Scroll            |       |     3 ||     3
Armor: Robe              |     3 |     1 ||     4
       Ring mail         |       |    21 ||    21
Dodge: Dodged            |     4 |    42 ||    46
